 Dungeon Sprint DCSS version 0.21-a0-41-g5e91fef (webtiles) character file.

713 Kidiri the Thaumaturge (level 7, -3/42 (44) HPs)
             Began as a Deep Elf Fire Elementalist on June 3, 2017.
             Slain by a tyrant leech (27 damage)
             ... in the Dungeon (Sprint II: "The Violet Keep of Menkaure").
             The game lasted 00:02:45 (444 turns).

Kidiri the Thaumaturge (Deep Elf Fire Elementalist)  Turns: 444, Time: 00:02:46

HP:   -3/42 (44)    AC:  2    Str:  5    XL:     7   Next: 41%
MP:   12/24         EV: 17    Int: 22    God:
Gold: 729           SH:  0    Dex: 15    Spells: 11/29 levels left

rFire    . . .     SeeInvis .   (no weapon)
rCold    . . .     Gourm    .   (no shield)
rNeg     . . .     Faith    .   a - +0 robe
rPois    .         Spirit   .   (no helmet)
rElec    .         Reflect  .   (no cloak)
rCorr    .         Harm     .   (no gloves)
MR       .....     NoTele   +   (no boots)
Stlth    ++........             (no amulet)
Regen    0.2/turn               (no ring)
MPRegen  0.2/turn               (no ring)

@: no status effects
A: no striking features
a: no special abilities


You were in the Dungeon.
You were not hungry.

You visited 1 branch You collected 729 gold pieces.

Inventory:

Armour
 a - a +0 robe (worn)
Scrolls
 i - a scroll of blinking
Potions
 d - a potion of curing
 f - a potion of haste
 g - a potion of magic
 h - a potion of berserk rage
Books
 b - a book of Flames

   Spells                             Type                      Level
   a - Flame Tongue                   Conjuration/Fire             1
   b - Throw Flame                    Conjuration/Fire             2
   c - Conjure Flame                  Conjuration/Fire             3
   d - Inner Flame                    Hexes/Fire                   3
   e - Sticky Flame                   Conjuration/Fire             4
   f - Fireball                       Conjuration/Fire             5
Comestibles
 c - a bread ration


   Skills:
 + Level 5.0 Fighting
 + Level 4.9 Armour
 + Level 7.8 Dodging
 - Level 2.4 Stealth
 * Level 11.5 Spellcasting
 + Level 6.8 Conjurations
 + Level 7.5 Fire Magic


You had 11 spell levels left.
You knew the following spells:

 Your Spells              Type           Power        Failure   Level  Hunger
a - Flame Tongue          Conj/Fire      #####        1%          1    None
b - Throw Flame           Conj/Fire      #####.       1%          2    None
c - Conjure Flame         Conj/Fire      #####...     1%          3    None
d - Inner Flame           Hex/Fire       ####....     3%          3    None
e - Sticky Flame          Conj/Fire      #####...     2%          4    None
f - Fireball              Conj/Fire      #####.....   8%          5    ####...


Dungeon Overview and Level Annotations

Branches:
Dungeon (1/1)

Altars:

Annotations:
D exclusion: Roxanne, Roxanne


Message History

Aiming: Sticky Flame
Press: ? - help, Shift-Dir - straight line, f - tyrant leech, p - tyrant leech
Aim: a tyrant leech (flame)
The sticky flame hits the tyrant leech.
The tyrant leech is lightly wounded.
The tyrant leech is covered in liquid flames!
The tyrant leech burns!
Unknown command.
Casting: Sticky Flame
Confirm with . or Enter, or press ? or * to list all spells.
Aiming: Flame Tongue
Press: ? - help, Shift-Dir - straight line, f/p - tyrant leech
Aim: a tyrant leech (flame, moderately wounded, covered in liquid flames)
The flame tongue hits the tyrant leech.
The tyrant leech is moderately wounded.
The tyrant leech burns!
The tyrant leech is engulfed in blazing flames.
The tyrant leech bites you!!
Ouch! That really hurt!
You die...

## ## ##. .##
.. .. ## $#.
###
##.###'###.##
#...##.##...#
+##.'.w.')#.+
#...##w##...#
##.###@###.##
####..#####
#..##.#
##.#.# ##+#
#≈≈≈≈≈≈≈≈§§≈
#+++#+++#≈≈≈
≈.≈ ≈..


You could see 2 tyrant leeches.

Vanquished Creatures
  A merfolk siren (D)
  4 necrophages (D)
  3 worms (D)
8 creatures vanquished.

Vanquished Creatures (others)
  Menkaure (D)
  A crocodile (D)
2 creatures vanquished.

Grand Total: 10 creatures vanquished

Notes
Turn   | Place    | Note
-------+----------+-------------------------------------------
     0 | D        | Kidiri the Deep Elf Fire Elementalist began the quest for the Orb.
     0 | D        | Reached XP level 1. HP: 10/10 MP: 6/6
     1 | D        | Noticed a tyrant leech
     1 | D        | Noticed a tyrant leech
     5 | D        | Noticed a merfolk siren
    30 | D        | Killed a crocodile
    72 | D        | Reached skill level 4 in Spellcasting
    91 | D        | Noticed Roxanne
    99 | D        | Reached skill level 1 in Fighting
    99 | D        | Reached skill level 1 in Armour
    99 | D        | Reached XP level 2. HP: 16/16 MP: 3/9
   111 | D        | Learned a level 2 spell: Throw Flame
   158 | D        | Noticed a necrophage
   158 | D        | Noticed a necrophage
   158 | D        | Noticed a necrophage
   158 | D        | Noticed a necrophage
   175 | D        | Killed a necrophage
   175 | D        | Reached skill level 6 in Spellcasting
   175 | D        | Reached XP level 3. HP: 22/22 MP: 2/13
   175 | D        | Reached XP level 4. HP: 27/27 MP: 2/14
   177 | D        | Killed a necrophage
   177 | D        | Reached skill level 5 in Dodging
   177 | D        | Reached skill level 8 in Spellcasting
   177 | D        | Reached skill level 5 in Fire Magic
   177 | D        | Reached XP level 5. HP: 32/32 MP: 1/17
   184 | D        | Killed a necrophage
   184 | D        | Reached skill level 9 in Spellcasting
   184 | D        | Reached skill level 5 in Conjurations
   187 | D        | Killed a necrophage
   187 | D        | Reached XP level 6. HP: 16/36 MP: 9/20
   192 | D        | Learned a level 3 spell: Conjure Flame
   196 | D        | Learned a level 3 spell: Inner Flame
   201 | D        | Learned a level 4 spell: Sticky Flame
   207 | D        | Learned a level 5 spell: Fireball
   310 | D        | Killed Menkaure
   365 | D        | Killed a merfolk siren
   365 | D        | Reached skill level 5 in Fighting
   365 | D        | Reached skill level 11 in Spellcasting
   365 | D        | Reached XP level 7. HP: 42/42 MP: 10/24
   444 | D        | Slain by a tyrant leech

Vault maps used:
D:        the_violet_keep_of_menkaure

Skill      XL: |  1  2  3  4  5  6 |
---------------+-------------------+-----
Dodging        | 3 4 5 6 7 |  7.8
Spellcasting   | 4 6 8 9 11 | 11.5
Fighting       | 1 2 3 4 5 |  5.0
Armour         | 1 2 3 4 |  4.9
Conjurations   | 3 4 5 6 |  6.8
Fire Magic     | 4 5 6 7 |  7.5
Stealth        | |  2.4

Action                   |  1- 3 |  4- 6 |  7- 9 || total
-------------------------+-------+-------+-------++-------
 Cast: Flame Tongue      |    16 |    19 |     3 ||    38
       Conjure Flame     |       |     1 |     1 ||     2
       Sticky Flame      |       |       |     2 ||     2
  Use: Potion            |     1 |     1 |       ||     2
Dodge: Dodged            |     4 |     6 |       ||    10
